[Event "Nakhchivan Open 2024"]
[Site "Nakhchivan"]
[Date "2024.01.13"]
[Round "6.5"]
[White "Kul, Ozdemir Efe"]
[Black "Babayeva, Nasrin"]
[Result "1-0"]
[ECO "A04"]
[WhiteElo "2223"]
[BlackElo "1806"]
[Annotator "TA"]
[PlyCount "93"]
[EventDate "2024.01.11"]
[EventType "swiss"]
[EventCountry "AZE"]
[SourceTitle "playchess.com"]
[Source "ChessBase"]
[SourceQuality "1"]
[TimeControl "5400+30"]

1. Nf3 d6 2. g3 e5 3. Bg2 f5 4. c4 Nf6 5. Nc3 g6 6. d3 Bg7 7. O-O O-O 8. Rb1 a5 9. a3 Nc6 10. b4 Ne7 11. Bd2 axb4 12. axb4 h6 13. Ne1 c6 14. b5 Be6 15. Na4 {[%emt 0:05:14] The position is equal.} e4 16. bxc6 bxc6 17. c5 Ned5 18. cxd6 Qxd6 19. Nb6 Nxb6 20. Rxb6 Nd5 (20... Qc7 $11 21. Rb2 Ng4) 21. Rb7 Bc8 22. Rb1 Rd8 23. Qc1 (23. dxe4 $2 Nc3 24. Qb3+ Be6 $19) 23... Re8 24. dxe4 (24. Bxh6 Nc3 25. Rb2 Na2 $11) 24... fxe4 25. Nc2 $1 Bf5 (25... Kh7 $11) 26. Ne3 $1 $16 (26. Bxh6 $6 Nc3 27. Qe3 Nxb1 28. Bxg7 Nd2 $11) 26... Nxe3 27. Bxe3 g5 28. Rd1 Qe6 29. Qc5 Red8 {[%emt 0:01:53] Inhibits Rd6. Black is on the road to losing.} 30. Rdc1 Rd5 {[%emt 0:00:34] [#]} 31. Qb6 (31. Qxc6 $2 Rd1+ 32. Rxd1 Qxc6 $19) 31... Rad8 32. h3 (32. Qxc6 $2 Rd1+ 33. Rxd1 Rxd1+ (33... Qxc6 $2 34. Rxd8+ Kf7 35. Rb6 $18) 34. Rxd1 Qxc6 $19) 32... R8d6 ({Black should try} 32... Rc8) 33. Kh2 Qg6 34. Qb3 Be6 (34... Qe8 $16 35. Qa2 Re6) 35. Qc2 Qh5 (35... Rd8 $142 36. Rb6 (36. Bxe4 Qh5 $18) (36. Qxc6 Bf5 $18) 36... R5d6 37. Bxe4 (37. Rxc6 Rxc6 38. Qxc6 Bf5 $18) (37. Qxe4 Qxe4 38. Bxe4 Bd5 $18) 37... Qf7 38. Bxc6 (38. Rxc6 Rxc6 39. Bxc6 g4 $16) 38... Rd2) 36. Qxe4 $18 (36. Bxe4 $6 Qxh3+ 37. Kg1 Rd8 $18) 36... Qxe2 $2 {[%emt 0:07:22] [#]} (36... Qf7 37. Rb8+ Rd8) 37. Qg6 (37. Rb8+ $142 Kf7 38. Qh7) 37... Rb5 38. Qe8+ (38. Bxc6 $142 Qd3 39. Be4 (39. Qxd3 Rxd3 40. Rxb5 g4 $18)) 38... Bf8 39. Rxb5 (39. Bxc6 Rf5 40. Re1 Rxf2+ 41. Kg1 (41. Bxf2 Qxf2+ 42. Bg2 Bf7 $16) 41... Bf7 $18) (39. Rxc6 Bd7 40. Qa8 Bxc6 41. Bxc6 Qxe3 (41... Rxb1 42. Bd5+ Rxd5 43. Qxd5+ Kh8 44. Qe5+ Bg7 45. Qe8+ Kh7 46. Qe4+ Kg8 47. Qxb1 $16) 42. Qa2+ (42. Rxb5 $2 Qxf2+ 43. Bg2 Rd1 $19) (42. fxe3 Rd2+ 43. Bg2 Rxb1 $11) 42... Qe6 43. Qxe6+ Rxe6 $11) 39... Qxb5 (39... Bf7 $142 40. Qa8 (40. Rxc6 $2 Bxe8 41. Rxd6 Bxd6 $19) (40. Rxg5+ hxg5 41. Qe5 Qh5 $18) 40... Qxb5) 40. Bc5 ({Weaker is} 40. Bxc6 Qf5 $16) (40. Rxc6 Bf7 (40... Bd7 41. Qxf8+ Kxf8 42. Rxd6 $16) 41. Qc8 Rxc6 42. Bxc6 Qc4 $16) 40... Bf7 41. Qa8 (41. Bd5 $142 cxd5 42. Qxb5) 41... Kg7 42. Bxd6 Bxd6 43. Qxc6 Qb8 (43... Qxc6 44. Rxc6 (44. Bxc6 h5 $18) 44... Be7) 44. Qd7 {[%emt 0:00:11] White is clearly winning.} Qb2 45. Rd1 Bc5 46. Rd2 Qf6 47. Bd5 {[%emt 0:00:42] Weighted Error Value: White=0.55/Black=0.24 (precise) .  Mistake:       	White=1     	Black=8      Inaccurate:     	White=3     	Black=4      OK:         	White=7     	Black=8      Best:        	---       	Black=1      Strong:       	White=2     	---} 1-0

[Event "Nakhchivan Open 2024"]
[Site "Nakhchivan"]
[Date "2024.01.13"]
[Round "6.6"]
[White "Hasanov, Ramal"]
[Black "Mamedjarova, Zeinab"]
[Result "0-1"]
[ECO "C41"]
[WhiteElo "1429"]
[BlackElo "2173"]
[Annotator "RC"]
[PlyCount "150"]
[EventDate "2024.01.11"]
[EventType "swiss"]
[EventCountry "AZE"]
[SourceTitle "playchess.com"]
[Source "ChessBase"]
[SourceQuality "1"]
[TimeControl "5400+30"]

1. e4 e5 2. Nf3 d6 3. Be2 Nf6 4. Nc3 Be7 5. d4 exd4 6. Nxd4 O-O 7. O-O Re8 8. Re1 h6 9. f4 Bf8 10. Bf3 c6 11. Kh1 a5 12. a4 Na6 13. e5 Nh7 14. Nb3 Nb4 15. Na2 Nxa2 16. Rxa2 Qc7 17. exd6 Rxe1+ 18. Qxe1 Bxd6 19. Qg3 Ng5 20. Nd4 Nxf3 21. Qxf3 Bd7 22. Bd2 Re8 23. Ra1 Qd8 24. Re1 Rxe1+ 25. Bxe1 Qf6 26. Bc3 Qxf4 27. Qxf4 Bxf4 28. Bxa5 c5 29. Nb3 c4 30. Nc5 Bc6 31. b3 Be3 32. Bb6 cxb3 33. cxb3 f5 34. a5 f4 35. Nd3 Bxb6 36. axb6 g5 37. Kg1 Kg7 38. Kf2 Kf6 39. g3 Be4 40. Nc5 Kf5 41. b4 Bc6 42. Nb3 Bd5 43. Nc5 Kg4 44. Nd3 fxg3+ 45. hxg3 h5 46. Ne5+ Kf5 47. Nd3 Ke4 48. Nc5+ Kd4 49. Nd7 Kc4 50. Nf6 h4 51. gxh4 gxh4 52. Kg1 Be6 53. Ne4 Kb5 54. Nc5 Bc8 55. Kh2 Kxb6 56. Ne4 Be6 57. Nc5 Bf5 58. Nb3 Bg4 59. Nd4 Kc7 60. Nb5+ Kc6 61. Nd4+ Kd5 62. Nc2 Bd7 63. Ne3+ Kd4 64. Nc2+ Kc3 65. Ne3 Kxb4 66. Nd5+ Kc5 67. Nc3 b5 68. Ne4+ Kd4 69. Nd2 Ke3 70. Nb3 b4 71. Kg2 Bf5 72. Nc5 Kd4 73. Nb3+ Kc3 74. Nc5 b3 75. Nxb3 Kxb3 0-1

[Event "Nakhchivan Open 2024"]
[Site "Nakhchivan"]
[Date "2024.01.14"]
[Round "7.1"]
[White "Ahmadov, Fariz"]
[Black "Gasimov, Parviz"]
[Result "1-0"]
[ECO "D02"]
[WhiteElo "2193"]
[BlackElo "2362"]
[Annotator "RC"]
[PlyCount "105"]
[EventDate "2024.01.11"]
[EventType "swiss"]
[EventCountry "AZE"]
[SourceTitle "playchess.com"]
[Source "ChessBase"]
[SourceQuality "1"]
[TimeControl "5400+30"]

1. d4 d5 2. Nf3 Nf6 3. g3 e6 4. Bg2 b5 5. O-O Bb7 6. a4 b4 7. a5 Be7 8. Ne5 O-O 9. Nd2 c5 10. dxc5 Bxc5 11. Nd3 Be7 12. Nb3 Na6 13. Be3 Ne4 14. Bd4 Qc7 15. Rc1 Rfc8 16. Qe1 Qc4 17. f4 f6 18. e3 Bc6 19. Rf3 Bb5 20. g4 Qc6 21. g5 fxg5 22. Ne5 Qe8 23. fxg5 Nxg5 24. Rf4 Nc5 25. Nxc5 Bxc5 26. Bxc5 Rxc5 27. Qxb4 Rac8 28. c3 Qh5 29. Qd4 R5c7 30. Rc2 Nf7 31. Nxf7 Rxf7 32. Rxf7 Qxf7 33. Rf2 Qd7 34. h4 Rf8 35. Rxf8+ Kxf8 36. Qe5 Bd3 37. Bh3 Kf7 38. Qf4+ Ke8 39. Qd4 Be4 40. Qe5 Kf7 41. c4 Qe7 42. b4 Qxh4 43. Qxe6+ Kf8 44. Qd6+ Qe7 45. Qf4+ Kg8 46. c5 d4 47. exd4 h6 48. b5 Qe8 49. Qe5 Qg6+ 50. Kh2 Bf3 51. Qe6+ Qxe6 52. Bxe6+ Kf8 53. c6 1-0

[Event "Nakhchivan Open 2024"]
[Site "Nakhchivan"]
[Date "2024.01.14"]
[Round "7.2"]
[White "Hasanzade, Toghrul"]
[Black "Hasanli, Rza"]
[Result "1-0"]
[ECO "C77"]
[WhiteElo "2329"]
[BlackElo "1622"]
[Annotator "RC"]
[PlyCount "121"]
[EventDate "2024.01.11"]
[EventType "swiss"]
[EventCountry "AZE"]
[SourceTitle "playchess.com"]
[Source "ChessBase"]
[SourceQuality "1"]
[TimeControl "5400+30"]

1. e4 e5 2. Nf3 Nc6 3. Bb5 a6 4. Ba4 Nf6 5. d3 b5 6. Bb3 Bc5 7. O-O d6 8. c3 h6 9. a4 Bd7 10. Nbd2 O-O 11. Re1 Bb6 12. Nf1 Na5 13. Bc2 c5 14. Ng3 b4 15. d4 cxd4 16. cxd4 Nc6 17. dxe5 dxe5 18. Be3 Bxe3 19. fxe3 Be6 20. Qe2 Qb6 21. Rac1 Nd7 22. Bd3 Nc5 23. Bc4 g6 24. a5 Nxa5 25. Bxe6 Nxe6 26. Nxe5 Qb5 27. Qxb5 axb5 28. h4 h5 29. Ne2 Nb3 30. Rc6 Ra2 31. Nxg6 Re8 32. Ngf4 Nxf4 33. Nxf4 Rxe4 34. Rd1 Ra1 35. Rxa1 Nxa1 36. Kf2 Nb3 37. g3 Rc4 38. Rxc4 bxc4 39. Nd5 c3 40. bxc3 bxc3 41. Nxc3 Nc5 42. Kf3 Kg7 43. Kf4 Kg6 44. Nd5 Nd3+ 45. Ke4 Nf2+ 46. Kf3 Nd1 47. Kf4 Nf2 48. e4 f6 49. Ke3 Ng4+ 50. Kd4 Nf2 51. Nf4+ Kh6 52. Ke3 Ng4+ 53. Kd3 Ne5+ 54. Kd4 Ng4 55. Nd3 Kg6 56. Kd5 Ne3+ 57. Ke6 Ng4 58. Nf4+ Kh6 59. Kf5 Nf2 60. Nd5 Nh1 61. Kf4 1-0

[Event "Nakhchivan Open 2024"]
[Site "Nakhchivan"]
[Date "2024.01.14"]
[Round "7.3"]
[White "Seyidli, Mirsaleh"]
[Black "Kul, Ozdemir Efe"]
[Result "1/2-1/2"]
[ECO "A01"]
[WhiteElo "1775"]
[BlackElo "2223"]
[Annotator "TA"]
[PlyCount "74"]
[EventDate "2024.01.11"]
[EventType "swiss"]
[EventCountry "AZE"]
[SourceTitle "playchess.com"]
[Source "ChessBase"]
[SourceQuality "1"]
[TimeControl "5400+30"]

1. b3 d6 2. Bb2 Nf6 3. d4 g6 4. g3 Bg7 5. Bg2 O-O 6. Nf3 Nc6 7. O-O e5 8. dxe5 Ng4 9. c4 Ngxe5 10. Nxe5 Nxe5 11. Nc3 Be6 12. Qd2 Rb8 13. f4 Nd7 14. e4 f5 15. exf5 {[%emt 0:06:25] White is better.} Bxf5 16. h3 h5 17. Bd5+ Kh8 {[%emt 0:07:32] [#]} 18. g4 $1 hxg4 19. hxg4 Bxg4 20. Ne4 {[%emt 0:02:17] And now Qh2+ would win.} Bxb2 21. Qxb2+ Nf6 22. Ng5 $1 $36 {[%emt 0:01:07][%cal Of4f5][%mdl 3072] f5! would now be deadly. White has compensation. White has some pressure.} c6 {[%emt 0:01:54] White leaves nothing to chance now.} (22... Qe7 $14) 23. Be6 {[%emt 0:01:20] White is much more active.} Qb6+ (23... Bxe6 $16 24. Nxe6 Qd7 25. Nxf8 Rxf8) 24. Kg2 $18 Bh5 (24... Bxe6 $6 25. Nxe6 Qa5 26. c5 $18) 25. Rae1 {[%emt 0:04:34] Black must now prevent Bf7.} d5 $2 (25... Qc7 26. Bh3 d5) 26. Qe5 (26. cxd5 cxd5 27. Bxd5 Rbe8 $18) 26... Rbe8 27. f5 {[%emt 0:05:26] Hoping for fxg6.} Kg7 28. fxg6 (28. cxd5 cxd5 29. fxg6 Bxg6 $16) 28... Bxg6 29. cxd5 {[%emt 0:04:33] Strongly threatening Nh3.} cxd5 30. Rc1 Re7 {[%emt 0:07:46] Dodges Rc7} (30... Be4+ 31. Nxe4 Rxe6 32. Qg5+ (32. Rc7+ Rf7 $18) 32... Kf7 33. Nxf6 (33. Qxd5 Ke7 $11) 33... Rxf6 34. Rc7+ (34. Qxd5+ Kg7 $11) 34... Ke8 35. Rc8+ Kd7 36. Rxf8 $18) (30... Qd8 31. Rc7+ Re7) 31. Rc8 {[%emt 0:01:09] Intending Rxf8 and mate.} Be8 32. Rh1 Kg6 33. Bf5+ Kxg5 34. Qxe7 (34. Be6+ $142 Kg6 35. Qf5+ (35. Qg3+ Ng4 36. Qxg4+ Kf6 37. Qf5+ Kg7 38. Rh7#) 35... Kg7 36. Qg5+ Bg6 37. Qh6#) 34... Qd4 35. Qxf8 {[%emt 0:03:09] White wants to mate with Rf1.} Qd2+ {[%emt 0:00:08] White has a decisive advantage.} 36. Kf3 {[%emt 0:00:51] White threatens Qh6+ and mate.} Qf4+ {[%emt 0:00:29] [#]} 37. Ke2 $1 Bb5+ {[%emt 0:00:14][%mdl 32768] Weighted Error Value: White=0.36/Black=0.46.  Mistake:       	---       	Black=4      Inaccurate:     	White=3     	Black=2      OK:         	White=6     	Black=7      Best:        	White=3     	Black=5      Strong:       	White=2     	---       . An unexpected result.} 1/2-1/2

[Event "Nakhchivan Open 2024"]
[Site "Nakhchivan"]
[Date "2024.01.14"]
[Round "7.4"]
[White "Mamedjarova, Zeinab"]
[Black "Israilov, Agil"]
[Result "0-1"]
[ECO "A49"]
[WhiteElo "2173"]
[BlackElo "2114"]
[Annotator "TA"]
[PlyCount "98"]
[EventDate "2024.01.11"]
[EventType "swiss"]
[EventCountry "AZE"]
[SourceTitle "playchess.com"]
[Source "ChessBase"]
[SourceQuality "1"]
[TimeControl "5400+30"]

1. d4 Nf6 2. Nf3 g6 3. g3 Bg7 4. Bg2 O-O 5. O-O d6 6. Re1 Nbd7 7. e4 e5 8. c3 Re8 9. h3 b6 10. a4 a5 11. Qc2 {[%emt 0:00:23] The position is equal.} Bb7 12. Na3 (12. d5 $11 {remains equal.}) 12... exd4 $17 13. Nxd4 Nc5 14. f3 Nh5 (14... d5 $1 $17 15. e5 Nfd7 (15... Nh5 16. g4 $15)) 15. g4 $1 $11 Nf6 16. Bg5 Qc8 ({Black should play} 16... h5 $1 $15) 17. Bf1 (17. Nab5 $11) 17... d5 $1 $15 18. exd5 Nxd5 19. Bb5 {[%emt 0:01:27] Repels Qd7} c6 20. Bc4 Qc7 21. Qf2 {[%emt 0:09:06] Inhibits Qg3+.} (21. Rxe8+ $15 Rxe8 22. Bxd5 cxd5 23. Qf2) 21... Bxd4 ({Black should try} 21... Be5 $17 {White must now prevent ...Nf4.} 22. Nac2 Ba6 23. Bxa6 Rxa6) 22. cxd4 Ne6 23. Bh4 Ndf4 $1 24. Bf1 Ba6 {[%emt 0:01:17] Black is more active.} 25. Bf6 Bxf1 26. Qxf1 Nd5 {[%emt 0:20:54] Excellent horsemanship.} 27. Be5 Qe7 $36 {[%emt 0:00:10][%mdl 2048] White is under strong pressure.} 28. Nc4 {[%emt 0:04:29] [#]} Rad8 $1 29. Re4 Qb4 ({Better is} 29... Ng5 30. Ree1 Qb4) 30. Kh1 (30. h4 $17 {was called for.}) 30... f6 31. Bg3 Ng5 32. Qd3 (32. Rxe8+ $17 Rxe8 33. Rc1) 32... Nxe4 $19 (32... Nxh3 33. Qc2 $17) 33. fxe4 {[%emt 0:00:06] [#]} Ne3 (33... b5 $142 $1 34. axb5 (34. Nd6 Rxd6) 34... cxb5) 34. Nd6 (34. Nxe3 $142 Rxd4 (34... Qxb2 $2 35. Rd1 $18) 35. Qc2 Rdxe4 (35... Rexe4 36. Be1 $17) 36. Be1) 34... Qxb2 (34... Rxd6 35. Bxd6 Qxb2 (35... Qxd6 36. Qxe3 c5 37. Rd1 $15) 36. Rg1 $17) 35. Rg1 {[%emt 0:00:09] [#] Inhibits Qg2+.} Rxd6 36. Bxd6 Qf2 37. Rg3 {[%emt 0:03:41] Prevents Qf3+.} Qf1+ (37... Re6 $19 {Strongly threatening ...Nxg4.} 38. Bf4 Nd5 (38... Qxf4 39. Rxe3 Kg7 40. Kg2 $17)) 38. Qxf1 $17 Nxf1 {[%emt 0:00:03][%mdl 4096] Endgame. KRB-KRN} 39. Rd3 Rxe4 40. Bc7 Ne3 41. Bxb6 Nc4 42. Bd8 Kf7 43. d5 (43. Rb3 $17) 43... Ne5 $19 44. Ra3 (44. Rd1 {keeps fighting.}) 44... cxd5 45. Rc3 (45. Kg2 {was necessary.}) 45... Rxa4 {[%emt 0:00:51] Black is clearly winning.} 46. Rc7+ Ke6 {[%emt 0:00:05] aiming for ...d4.} 47. Re7+ Kd6 48. Rxh7 d4 {[%emt 0:00:25] ...d3 is the strong threat.} 49. Bxf6 d3 {[%emt 0:00:21] Weighted Error Value: White=0.67/Black=0.21 (precise) .  Mistake:       	White=9     	Black=6      Inaccurate:     	White=7     	---        OK:         	White=9     	Black=7      Best:        	White=3     	Black=11     Strong:       	White=1     	Black=3} 0-1

[Event "Nakhchivan Open 2024"]
[Site "Nakhchivan"]
[Date "2024.01.14"]
[Round "7.5"]
[White "Baghirov, Mahammad"]
[Black "Gulumov, Muthat"]
[Result "1/2-1/2"]
[ECO "D00"]
[WhiteElo "1621"]
[BlackElo "1843"]
[Annotator "NA RC COMBH"]
[PlyCount "50"]
[EventDate "2024.01.11"]
[EventType "swiss"]
[EventCountry "AZE"]
[SourceTitle "playchess.com"]
[Source "ChessBase"]
[SourceQuality "1"]
[TimeControl "5400+30"]

1. d4 d5 2. Bf4 c5 3. e3 Nc6 4. Nf3 Nf6 5. Nc3 Bg4 6. dxc5 Rc8 7. Be2 e6 8. Ne5 Bxe2 9. Qxe2 Bxc5 10. O-O O-O 11. Rad1 Bd6 12. Nxc6 bxc6 13. Bxd6 Qxd6 14. Na4 Qb4 15. Rd4 Qb5 16. Qxb5 cxb5 17. Nc3 Rc5 18. a4 e5 19. Rb4 bxa4 20. Rxa4 Rb8 21. Rxa7 d4 22. exd4 exd4 23. Ne2 Rxc2 24. Nxd4 Rcxb2 25. h3 g6 1/2-1/2

[Event "Nakhchivan Open 2024"]
[Site "Nakhchivan"]
[Date "2024.01.14"]
[Round "7.6"]
[White "Aliyev, Aykhan"]
[Black "Huseynli, Elvin"]
[Result "1-0"]
[ECO "B29"]
[WhiteElo "1962"]
[BlackElo "1495"]
[Annotator "TA"]
[PlyCount "71"]
[EventDate "2024.01.11"]
[EventType "swiss"]
[EventCountry "AZE"]
[SourceTitle "playchess.com"]
[Source "ChessBase"]
[SourceQuality "1"]
[TimeControl "5400+30"]

1. e4 c5 2. Nf3 Nf6 3. d3 d5 4. e5 Ng8 5. g3 Nc6 6. h3 {[%emt 0:02:35] Against Bg4} g6 7. Bg2 {[%emt 0:00:39] OK} Bg7 {[%emt 0:02:17] OK} 8. Qe2 {[%emt 0:00:58] The position is equal.} e6 9. O-O Qc7 {[%emt 0:03:12] Inaccurate} 10. Re1 {[%emt 0:01:00] OK} h6 {[%emt 0:05:20] OK} 11. Nbd2 {[%emt 0:01:40][%cal Bb1d2,Bd2f1,Bf1h2][%mdl 32] EV=21.13} Nge7 12. Nf1 Rb8 {[%emt 0:07:33] Inaccurate} 13. a4 a6 14. N1h2 {[%emt 0:02:06] OK} Nf5 15. c3 b5 {[%emt 0:01:24] Inaccurate} 16. axb5 axb5 17. Ng4 {[%emt 0:00:47] Best (Easy)} Qe7 {[%emt 0:02:51] [#] Inhibits Nf6+. Inaccurate} 18. Nf6+ $1 Bxf6 {[%emt 0:13:07] OK} 19. exf6 Qxf6 20. Bf4 {[%emt 0:00:35] Best (Easy)} Rb6 {[%emt 0:00:20] [#] Black is weak on the dark squares. OK} 21. Ra8 {[%emt 0:10:53] White is more active. Mistake (0.8)} ({White should try} 21. g4 $1 $16 Nh4 22. Qe3) 21... Kd8 $2 {[%emt 0:01:12][%mdl 8192] This move loses the game for Black. Loses game (3.7)} ({Black should play} 21... O-O $14) 22. Ne5 $18 {[%emt 0:01:18] OK} Nfe7 {[%emt 0:07:57] Mistake (5.2)} (22... Qe7 $142 23. Nxc6+ Rxc6) 23. Qe3 {[%emt 0:11:42][%csl LRc5,LRh6] Best} d4 24. Nxc6+ Nxc6 25. cxd4 cxd4 26. Qc1 {[%emt 0:00:16][%cal Oc1c5] Intending Qc5! and mate.} e5 {[%emt 0:05:04] [#]} 27. Bxe5 $1 Nxe5 (27... Qe7 28. Bxc6) 28. Qxc8+ {[%emt 0:00:34] White mates.} Ke7 {[%emt 0:00:16][%cal Bd8e7,Be7e6,Be6f5,Bf5g5,Bg5h5][%mdl 32] EV=27.38. Goes to h5 (dbg))} 29. Qc7+ Ke6 30. Qxb6+ Kf5 31. Be4+ Kg5 32. h4+ Kh5 33. Qxf6 Rxa8 34. Bf3+ Ng4 35. Re5+ g5 36. Qxf7# {[%emt 0:00:08] Weighted Error Value: White=0.07 (flawless) /Black=0.83.  Loses game:     	---       	Black=1      Mistake:       	White=1     	Black=1      Inaccurate:     	---       	Black=4      OK:         	White=4     	Black=4      Best:        	White=3     	---} 1-0

[Event "Nakhchivan Open 2024"]
[Site "Nakhchivan"]
[Date "2024.01.14"]
[Round "8.1"]
[White "Aliyev, Aykhan"]
[Black "Hasanzade, Toghrul"]
[Result "0-1"]
[ECO "B40"]
[WhiteElo "1962"]
[BlackElo "2329"]
[Annotator "ChessBase"]
[PlyCount "78"]
[EventDate "2024.01.11"]
[EventType "swiss"]
[EventCountry "AZE"]
[SourceTitle "playchess.com"]
[Source "ChessBase"]
[SourceQuality "1"]
[TimeControl "5400+30"]

1. e4 c5 2. Nf3 e6 3. d4 cxd4 4. Nxd4 Nf6 5. Bd3 Nc6 6. Nxc6 dxc6 7. O-O e5 8. Nd2 Bc5 9. Qf3 O-O 10. Nc4 Re8 11. Be3 Bxe3 12. Nxe3 Qe7 13. Nf5 Bxf5 14. Qxf5 Qb4 15. Rab1 Rad8 16. a3 Qa4 17. Qf3 Rd4 18. c3 Rd6 19. Qe2 Red8 20. Bc2 Qa5 21. Rbd1 g6 22. Rxd6 Rxd6 23. Rd1 Rxd1+ 24. Qxd1 Kg7 25. g3 Qc5 26. Qd3 a5 27. Kg2 Qb6 28. b4 c5 29. bxc5 Qxc5 30. a4 Ne8 31. Qd5 Qxd5 32. exd5 Kf6 33. c4 b6 34. Kf3 Ke7 35. Ke4 Kd6 36. f4 f5+ 37. Kf3 e4+ 38. Ke3 Kc5 39. Bb3 Kb4 0-1

[Event "Nakhchivan Open 2024"]
[Site "Nakhchivan"]
[Date "2024.01.14"]
[Round "8.2"]
[White "Israilov, Agil"]
[Black "Ahmadov, Fariz"]
[Result "1/2-1/2"]
[ECO "C65"]
[WhiteElo "2114"]
[BlackElo "2193"]
[Annotator "TA"]
[PlyCount "36"]
[EventDate "2024.01.11"]
[EventType "swiss"]
[EventCountry "AZE"]
[SourceTitle "playchess.com"]
[Source "ChessBase"]
[SourceQuality "1"]
[TimeControl "5400+30"]

1. e4 e5 2. Nf3 Nc6 3. Bb5 Nf6 4. d3 d6 5. O-O Be7 6. Re1 O-O 7. c3 Bg4 8. h3 Bd7 9. Nbd2 g6 10. Nf1 Nh5 11. d4 (11. Ne3 $16) 11... Bf6 (11... Nxd4 $11 12. Nxd4 exd4 13. Bxd7 Qxd7) 12. dxe5 (12. Bh6 $16) 12... Nxe5 $11 13. Bxd7 Qxd7 14. Bh6 Rfe8 15. Ne3 c6 16. Nxe5 Bxe5 17. Ng4 Qe6 18. Bg5 Kf8 {Weighted Error Value: White=0.13 (very precise) /Black=0.14 (very precise) .  Mistake:       	White=2     	Black=1      Inaccurate:     	---       	Black=1      OK:         	White=5     	---} 1/2-1/2

[Event "Nakhchivan Open 2024"]
[Site "Nakhchivan"]
[Date "2024.01.14"]
[Round "8.3"]
[White "Gasimov, Parviz"]
[Black "Seyidli, Mirsaleh"]
[Result "1-0"]
[ECO "B53"]
[WhiteElo "2362"]
[BlackElo "1775"]
[Annotator "RC"]
[PlyCount "87"]
[EventDate "2024.01.11"]
[EventType "swiss"]
[EventCountry "AZE"]
[SourceTitle "playchess.com"]
[Source "ChessBase"]
[SourceQuality "1"]
[TimeControl "5400+30"]

1. e4 c5 2. Nf3 d6 3. d4 cxd4 4. Qxd4 Nc6 5. Bb5 Bd7 6. Qd3 Nf6 7. c4 a6 8. Bxc6 Bxc6 9. Nc3 g6 10. h3 Bg7 11. Nd4 O-O 12. Be3 Nd7 13. O-O Nc5 14. Qc2 Ne6 15. Rfd1 Nxd4 16. Bxd4 Bxd4 17. Rxd4 Qb6 18. Rad1 Rac8 19. Qe2 a5 20. Nd5 Bxd5 21. exd5 Rfe8 22. Re4 Rc7 23. Rd3 Qc5 24. a4 Qb4 25. b3 Qc5 26. Rde3 Kf8 27. Qb2 Kg8 28. Qe2 Kf8 29. Rf3 Kg8 30. Rfe3 Kf8 31. Qf3 Kg7 32. Qf4 Qa3 33. Rf3 Rf8 34. Qd2 Qc5 35. Rh4 h5 36. Rxh5 f6 37. Qh6+ Kf7 38. Qh7+ Ke8 39. Qxg6+ Kd8 40. Qg7 Re8 41. Rh8 Rxh8 42. Qxh8+ Kd7 43. Qg7 Qa3 44. Re3 1-0

[Event "Nakhchivan Open 2024"]
[Site "Nakhchivan"]
[Date "2024.01.14"]
[Round "8.4"]
[White "Kul, Ozdemir Efe"]
[Black "Karimov, Hasan"]
[Result "1-0"]
[ECO "C26"]
[WhiteElo "2223"]
[BlackElo "1271"]
[Annotator "RC"]
[PlyCount "101"]
[EventDate "2024.01.11"]
[EventType "swiss"]
[EventCountry "AZE"]
[SourceTitle "playchess.com"]
[Source "ChessBase"]
[SourceQuality "1"]
[TimeControl "5400+30"]

1. e4 e5 2. Nc3 Nf6 3. g3 Bc5 4. Bg2 O-O 5. h3 Nc6 6. Nge2 d6 7. O-O h6 8. d3 a6 9. Be3 Nd4 10. Bxd4 Bxd4 11. Nxd4 exd4 12. Ne2 c5 13. f4 Nh7 14. Kh2 f5 15. exf5 Rxf5 16. g4 Rf8 17. f5 d5 18. Nf4 Nf6 19. Qf3 Qd6 20. Kg1 Bd7 21. Nxd5 Bc6 22. Qf4 Rad8 23. Qxd6 Rxd6 24. Ne7+ Kf7 25. Nxc6 bxc6 26. Rae1 Rfd8 27. Re5 Nd5 28. Rfe1 R8d7 29. b3 a5 30. a4 Kf8 31. Re8+ Kf7 32. Ra8 Ne3 33. Re2 g6 34. fxg6+ Rxg6 35. Rxa5 h5 36. Rxc5 hxg4 37. Rxc6 Rxc6 38. Bxc6 Rc7 39. Bg2 g3 40. Be4 Kf6 41. h4 Ke5 42. h5 Rf7 43. Re1 Rf2 44. h6 Rxc2 45. h7 Rc8 46. a5 Rf8 47. a6 Nd5 48. a7 Nc7 49. a8=Q Nxa8 50. Bxa8+ Kd6 51. Be4 1-0